Map: Port Aleksander LE

Players

HeroMarine - Winner!

  • Race: Terran Terran
  • League: Master
  • Spawn Location: 11:00

Bunny

  • Race: Terran Terran
  • League: Diamond
  • Spawn Location: 5:00

Event: IEM Season 13 - Katowice Server Qualifiers Europe

VOD

Have the link to the VOD?

Description

Time

  • Played on: Jan. 8, 2019, 11:51 a.m.
  • Length: 15:14

All games in this series

Show
View Real Time Build Order
Export as new Build Order

HeroMarine Terran - Winner!

Build Orders: Cyclone Opening 

Get SALT Encoding   

  12  0:00  SCV  
  13  0:12  SCV  
  14  0:17  Supply Depot  
  14  0:24  SCV  
  15  0:29  Refinery  
  15  0:39  SCV  
  16  0:47  Barracks  
  16  0:52  SCV  
  17  1:04  SCV  
  18  1:16  SCV  
  20  1:34  Reaper, Orbital Command  
  20  1:56  Command Center  
  20  2:00  SCV  
  21  2:06  Marine  
  22  2:09  Factory  
  22  2:16  Supply Depot  
  22  2:17  SCV  
  23  2:23  Refinery  
  23  2:25  Barracks Tech Lab  
  23  2:37  Bunker  
  23  2:38  SCV  
  24  2:50  SCV  
  25  2:58  Cyclone  
  25  3:01  Starport  
  25  3:02  SCV  
  29  3:11  Orbital Command  
  28  3:16  SCV  
  28  3:19  Barracks Reactor  
  29  3:21  Refinery  
  29  3:28  SCV  
  30  3:34  Cyclone  
  30  3:38  SCV  
  30  3:40  SCV, Starport Tech Lab  
  35  3:50  SCV  
  35  3:52  SCV  
  35  3:55  Marine x2  
  37  4:02  Raven, SCV  
  40  4:04  SCV  
  40  4:06  Supply Depot  
  43  4:14  SCV  
  43  4:16  SCV  
  45  4:23  Marine x2  
  46  4:28  SCV x2, Siege Tank  
  46  4:30  Supply Depot  
  51  4:40  SCV x2  
  53  4:51  Raven  
  53  4:52  Command Center, SCV  
  56  4:53  SCV  
  56  4:59  Supply Depot  
  57  5:01  Siege Tank  
  57  5:04  SCV  
  57  5:05  SCV  
  57  5:06  Supply Depot  
  62  5:21  SCV x2  
  66  5:25  Refinery  
  64  5:30  Engineering Bay  
  64  5:33  SCV x2, Engineering Bay  
  66  5:39  Stimpack  
  66  5:40  Viking x2  
  70  5:43  Supply Depot  
  70  5:45  Siege Tank  
  70  5:48  SCV x2  
  75  5:51  Marine  
  76  6:00  SCV x2  
  76  6:01  Terran Infantry Weapons Level 1  
  78  6:04  Terran Infantry Armor Level 1  
  78  6:05  Orbital Command  
  78  6:08  Supply Depot  
  78  6:09  Marine  
  79  6:12  SCV x2  
  79  6:15  Viking  
  79  6:17  Viking  
  85  6:24  SCV x2  
  86  6:28  Orbital Command  
  86  6:36  SCV x2  
  88  6:40  Barracks x2  
  88  6:41  Barracks  
  88  6:42  Barracks  
  88  6:46  Siege Tank  
  91  6:50  SCV x2  
  91  6:54  SCV  
  94  6:55  Marine, Viking  
  94  6:57  Viking  
  99  7:02  SCV x2  
  99  7:05  Armory  
  99  7:06  SCV  
  102  7:13  Marine  
  102  7:14  SCV x2  
  103  7:18  SCV  
  104  7:26  SCV x2  
  106  7:30  Marine, SCV  
  106  7:34  Barracks Reactor x3  
  106  7:35  Barracks Reactor  
  106  7:36  Refinery  
  108  7:37  Refinery  
  108  7:38  SCV  
  108  7:42  SCV  
  108  7:43  SCV  
  109  7:51  Supply Depot  
  109  7:52  Combat Shield, Command Center, Supply Depot x3  
  109  7:56  Marine, Siege Tank, Medivac x2  
  117  8:10  SCV x3  
  109  8:14  Marine  
  109  8:15  Marine  
  109  8:16  Marine x7  
  104  8:32  Marine  
  104  8:33  Marine x2, Siege Tank  
  104  8:34  Marine x6  
  111  8:37  Factory  
  111  8:40  Terran Infantry Weapons Level 2, Terran Infantry Armor Level 2  
  110  8:46  Barracks x2  
  110  8:47  Barracks  
  113  8:49  Marine  
  113  8:51  Marine x4  
  113  8:52  Marine x4  
  118  9:01  Terran Vehicle Weapons Level 1  
  115  9:09  Marine x7  
  120  9:15  Marine  
  124  9:17  Siege Tank  
  124  9:18  Sensor Tower  
  126  9:27  Marine x3  
  126  9:31  Planetary Fortress, Barracks Reactor  
  129  9:32  Marine x2  
  129  9:33  Marine  
  129  9:37  Marine x2  
  132  9:40  Marine  
  132  9:41  Marine  
  132  9:42  Marine  
  132  9:44  Marine  
  132  9:45  Marine x2, Viking x2  
  138  9:50  Marine x2  
  138  9:51  Marine  
  140  9:55  Marine x2  
  140  9:58  Marine  
  140  9:59  Marine x2  
  132  10:02  Marine x2  
  132  10:03  Marine  
  121  10:08  Marine x2  
  121  10:09  Marine  
  121  10:10  Marine, Siege Tank x2  
  121  10:13  Marine x2  
  119  10:15  Viking, Medivac  
  119  10:16  Marine  
  119  10:17  Marine x2, Orbital Command  
  119  10:20  Marine  
  119  10:21  Marine x3  
  115  10:26  Marine x2  
  115  10:27  Marine  
  115  10:28  Marine  
  106  10:31  Marine x2  
  106  10:33  SCV x2  
  106  10:34  Marine  
  110  10:37  SCV  
  110  10:42  SCV  
  112  10:45  SCV x2, Medivac x2  
  112  10:49  SCV  
  119  10:52  Siege Tank x2  
  119  10:54  SCV  
  126  10:57  Marine x5, SCV x2  
  126  10:58  Marine x3  
  126  11:01  SCV  
  137  11:06  SCV  
  137  11:09  Terran Infantry Weapons Level 3, SCV  
  137  11:10  SCV  
  139  11:12  Marine x5  
  139  11:13  SCV  
  139  11:15  Marine x2  
  139  11:16  Marine x2  
  149  11:18  Marine  
  149  11:21  Marine x2  
  149  11:23  Marine  
  133  11:29  Marine, Siege Tank x2  
  133  11:30  Marine x3, Medivac  
  145  11:34  Marine  
  145  11:35  Refinery x2  
  145  11:36  Marine x2  
  145  11:37  Marine  
  149  11:40  Marine x3  
  149  11:42  Marine  
  153  11:47  Medivac  
  153  11:48  Marine  
  156  11:56  Supply Depot x2  
  156  11:58  Marine  
  159  12:03  Terran Infantry Armor Level 3  
  159  12:05  Marine x5  
  164  12:12  Marine x2  
  164  12:13  Supply Depot  
  164  12:14  Supply Depot  
  164  12:17  Marine  
  165  12:25  Marine  
  165  12:26  Marine x3  
  165  12:28  Sensor Tower  
  169  12:31  Siege Tank x2  
  175  12:39  Medivac  
  175  12:40  Medivac  
  175  12:47  Marine  
  175  12:49  Marine x2  
  175  12:50  Marine  
  175  12:51  Marine x4  
  152  12:56  Marine x2, Orbital Command  
  152  12:57  Marine  
  143  13:04  SCV x3  
  143  13:05  Marine  
  147  13:09  Medivac  
  147  13:10  Medivac  
  147  13:11  Siege Tank  
  152  13:13  Siege Tank  
  152  13:16  SCV x3  
  157  13:23  Marine x2  
  157  13:25  Marine x2  
  156  13:28  SCV x2  
  156  13:29  Marine  
  156  13:30  Marine  
  156  13:31  Marine x2  
  159  13:36  Marine x2  
  159  13:37  Marine x2  
  159  13:38  Marine  
  159  13:39  Medivac x2  
  159  13:41  Marine x2  
  169  13:44  Marine x2  
  169  13:47  Marine x2  
  173  13:50  SCV  
  173  13:53  Marine  
  167  14:00  Siege Tank  
  170  14:08  Marine x9  
  179  14:11  Marine  
  179  14:12  Marine x2  
  179  14:13  Marine  
  161  14:26  Marine x5  
  161  14:28  Siege Tank  
  165  14:32  Marine x2  
  165  14:33  Marine  
  165  14:34  Marine  
  165  14:37  Marine x2  
  162  14:39  Marine x2  
  162  14:40  Medivac  
  162  14:41  Medivac  
  171  14:49  Marine x2  
  171  14:50  Marine x3  
  176  14:55  Marine x2  
Show
View Real Time Build Order
Export as new Build Order

Bunny Terran 

Build Orders: Gas First Reaper Expand 

Get SALT Encoding   

  12  0:01  SCV  
  13  0:13  SCV  
  14  0:17  Supply Depot  
  14  0:25  SCV  
  15  0:29  Refinery  
  15  0:39  SCV  
  16  0:46  Barracks  
  16  0:51  SCV  
  17  1:03  SCV  
  18  1:15  SCV  
  19  1:33  Reaper, Orbital Command  
  20  1:48  Command Center  
  20  2:00  Factory  
  19  2:04  SCV  
  19  2:07  Reaper  
  21  2:16  SCV  
  21  2:18  Supply Depot  
  22  2:24  Refinery  
  22  2:29  SCV  
  23  2:41  SCV  
  26  2:44  Hellion, Starport  
  26  2:54  SCV  
  26  2:57  Barracks Reactor  
  27  3:07  SCV  
  27  3:09  Factory Tech Lab  
  27  3:10  Orbital Command  
  28  3:19  SCV  
  29  3:31  SCV  
  29  3:33  Factory Tech Lab  
  30  3:34  Marine x2  
  30  3:37  SCV  
  31  3:42  Raven  
  31  3:45  SCV  
  34  3:49  SCV  
  34  3:50  Command Center  
  34  3:54  Marine x2  
  37  3:58  Refinery  
  37  4:02  Cyclone  
  40  4:05  SCV  
  40  4:06  SCV  
  42  4:12  Supply Depot  
  42  4:17  SCV  
  42  4:18  SCV  
  42  4:20  Marine x2  
  46  4:28  Supply Depot  
  46  4:33  Raven  
  46  4:34  SCV x2  
  50  4:45  Bunker  
  48  4:46  SCV x2  
  48  4:47  Refinery  
  48  4:49  Siege Tank  
  48  4:51  Marine x2  
  55  5:00  SCV x2  
  57  5:07  Supply Depot, Orbital Command  
  57  5:12  SCV x2  
  59  5:21  Siege Tank  
  59  5:23  Marine  
  59  5:24  Stimpack  
  59  5:25  SCV x2  
  59  5:27  Viking  
  67  5:29  Viking  
  69  5:37  SCV x3  
  69  5:41  Marine  
  73  5:44  Supply Depot  
  73  5:50  Barracks  
  73  5:51  Barracks  
  73  5:56  Siege Tank  
  76  5:59  Marine, Viking  
  76  6:00  Orbital Command  
  76  6:02  Viking  
  81  6:07  SCV x2  
  83  6:19  SCV x2  
  83  6:22  Marine  
  83  6:25  Engineering Bay  
  86  6:26  Engineering Bay  
  86  6:27  SCV  
  86  6:31  SCV x2  
  88  6:33  Medivac x2  
  88  6:38  Barracks Reactor x2  
  92  6:42  Barracks x2  
  92  6:45  SCV, Supply Depot  
  92  6:46  SCV x2  
  95  6:51  Siege Tank  
  95  6:54  Marine  
  98  6:58  SCV  
  98  6:59  SCV  
  101  7:07  SCV  
  102  7:11  Terran Infantry Armor Level 1, Terran Infantry Weapons Level 1  
  102  7:13  SCV  
  102  7:14  SCV, Supply Depot  
  102  7:15  Supply Depot x2  
  104  7:19  SCV, Supply Depot  
  104  7:21  Marine x3  
  104  7:22  Marine x2  
  99  7:26  Siege Tank  
  99  7:32  Barracks Reactor  
  99  7:33  Barracks Reactor, SCV x3  
  100  7:43  Marine x4  
  100  7:44  Marine  
  97  7:45  Combat Shield, Medivac x2  
  97  7:48  SCV x3  
  97  7:49  Refinery  
  97  7:50  Refinery  
  104  7:58  Siege Tank  
  107  8:01  Marine x5  
  104  8:10  Marine  
  88  8:15  Marine x3  
  88  8:19  Marine x2  
  80  8:20  Medivac  
  80  8:21  Marine x3  
  80  8:24  Medivac  
  81  8:27  SCV x3  
  81  8:28  Marine  
  81  8:30  Siege Tank  
  81  8:33  Marine  
  89  8:37  Armory  
  89  8:40  SCV x3  
  92  8:41  Marine x6  
  92  8:46  Marine x2  
  100  8:51  Marine  
  100  8:53  SCV x3  
  104  8:56  Medivac  
  104  8:59  Marine x2  
  104  9:02  Siege Tank  
  111  9:05  SCV x3  
  114  9:10  Marine x5  
  114  9:14  Marine x2  
  114  9:17  Marine  
  121  9:22  Sensor Tower  
  122  9:25  Terran Infantry Weapons Level 2  
  122  9:28  Marine x5  
  127  9:37  Siege Tank  
  130  9:39  Marine  
  131  9:52  Marine x2  
  131  9:57  Marine  
  131  9:58  Marine x6  
  133  10:04  Medivac x2  
  124  10:10  Marine x2  
  124  10:13  Siege Tank  
  118  10:15  Marine  
  118  10:16  Marine x6, Terran Infantry Armor Level 2  
  123  10:28  Marine x2  
  122  10:33  Marine x6  
  122  10:34  Marine  
  122  10:35  Terran Vehicle Weapons Level 1  
  127  10:44  Barracks x2  
  127  10:45  Marine, Barracks  
  127  10:46  Command Center, Siege Tank  
  127  10:47  Viking x2  
  135  10:54  Marine x6  
  141  11:00  Supply Depot  
  141  11:05  Supply Depot  
  141  11:19  Marine  
  128  11:26  Viking x2  
  128  11:27  Siege Tank  
  128  11:28  Marine x8  
  143  11:37  Marine  
  144  11:45  Marine, Barracks Reactor x3  
  144  11:46  Marine x7  
  152  11:55  SCV  
  152  11:56  SCV x2  
  152  12:00  Siege Tank  
  158  12:02  Planetary Fortress  
  157  12:09  Marine  
  157  12:10  Marine x8  
  166  12:20  Missile Turret  
  166  12:21  Terran Infantry Weapons Level 3  
  166  12:27  Marine x3  
  166  12:28  Marine x2  
  166  12:29  Marine  
  172  12:35  Supply Depot  
  172  12:37  Marine  
  172  12:44  Marine  
  172  12:45  Marine  
  172  12:46  Siege Tank  
  172  12:50  Marine x2  
  172  12:51  Marine x10  
  154  12:55  Marine  
  154  12:57  Viking x2  
  126  13:02  Marine  
  126  13:03  Marine, Factory  
  128  13:08  Marine x6  
  128  13:11  Marine  
  128  13:12  Marine x5  
  140  13:13  Marine  
  140  13:18  Siege Tank  
  144  13:20  Marine  
  143  13:28  Viking x2  
  143  13:31  Marine x5  
  149  13:52  Marine  
  149  13:53  Marine  
  149  14:04  Marine x4  
  149  14:05  Marine x2  
  149  14:14  Marine x2  
  149  14:15  Marine  
  149  14:17  Marine  
  149  14:18  Marine x5, Medivac  
  149  14:19  Medivac  
  149  14:20  Siege Tank  
  149  14:21  Marine x3  
  149  14:23  Marine  
  136  14:26  Marine x2  
  128  14:31  Marine  
  128  14:32  Marine x2  
  128  14:35  Marine x4  
  128  14:36  Marine x2  
  128  14:37  Orbital Command  
  132  14:39  Marine x3  
  132  14:43  Marine  
  132  14:44  Marine x2  
  138  14:49  Marine x2  
  138  14:50  Marine  
  144  14:53  Marine x2  

Tags
 
Add a new tag
Caveats
  • Supply blocks, unpowered buildings, or Contaminate may cause inaccurate times.
  • Supply counts are checked every 10 seconds.